MLB
KANSAS CITY ROYALS @ SEATTLE MARINERS
07/01/2018
 
TOP OF THE 1ST
Kansas City Royals batting - Pitching for Seattle Mariners : RHP Rob Whalen
Pitching: RHP Rob Whalen
Batting: LHB Raimel Tapia 0-0: SINGLE (Line Drive, 8RS)
Batting: RHB Gorkys Hernandez 0-0: Foul Ball, location: 2F
0-1: Fielders Choice at 2nd, 1-6 (Groundball, 13S)
Batting: LHB Joe Mauer 0-0: Called Strike
0-1: SINGLE (Line Drive, 7S)
Gorkys Hernandez to second
Batting: LHB Lonnie Chisenhall 0-0: DOUBLE (Flyball, 8LXD)
Gorkys Hernandez scores
Joe Mauer to third
Batting: LHB Luis Valbuena 0-0: Called Strike
0-1: Swinging Strike
0-2: SINGLE (Groundball, 4MD)
Joe Mauer scores
Lonnie Chisenhall to third
Runner from 3rd tries for Home, SAFE, throw by CF to home
Luis Valbuena to second
Batting: RHB Dansby Swanson 0-0: Ball
1-0: Called Strike
1-1: Called Strike
1-2: Ball
2-2: Strikes out swinging
Batting: LHB Jesse Winker 0-0: Ball
Wild Pitch!
Luis Valbuena to third
1-0: Ground out 5-3 (Groundball, 56)
Top of the 1st over - 3 runs, 4 hits, 0 errors, 1 left on base; Kansas City 3 - Seattle 0
BOTTOM OF THE 1ST
Seattle Mariners batting - Pitching for Kansas City Royals : LHP Danny Duffy
Pitching: LHP Danny Duffy
Batting: LHB Ben Revere 0-0: Swinging Strike
0-1: Ball
1-1: Ground out 4-3 (Groundball, 34)
Batting: RHB Cameron Maybin 0-0: Called Strike
0-1: Ball
1-1: Ball
2-1: Called Strike
2-2: Foul Ball, location: 2F
2-2: SOLO HOME RUN (Flyball, 89XD), Distance : 418 ft
Batting: RHB Manny Machado 0-0: Called Strike
0-1: Ball
1-1: Fly out, F7 (Flyball, 7S)
Batting: RHB Kris Bryant 0-0: Ball
1-0: Ball
2-0: Swinging Strike
2-1: Swinging Strike
2-2: Foul Ball, location: 2F
2-2: Ball
3-2: Base on Balls
Batting: RHB Yadier Molina 0-0: Fielders Choice at 2nd, 6-4 (Groundball, 6)
Bottom of the 1st over - 1 run, 1 hit, 0 errors, 1 left on base; Kansas City 3 - Seattle 1
TOP OF THE 2ND
Kansas City Royals batting - Pitching for Seattle Mariners : RHP Rob Whalen
Batting: SHB Jurickson Profar 0-0: Called Strike
0-1: Called Strike
0-2: Foul Ball, location: 2F
0-2: Ball
1-2: Strikes out swinging
Batting: RHB Kevin Plawecki 0-0: Called Strike
0-1: Ball
1-1: Ball
2-1: SINGLE (Groundball, 34D)
Batting: LHB Raimel Tapia 0-0: Foul Ball, location: 2F
0-1: Swinging Strike
0-2: Fielders Choice at 2nd, 4-6 (Groundball, 4S)
Batting: RHB Gorkys Hernandez 0-0: Ball
1-0: Foul Ball, location: 2F
1-1: Ball
2-1: Swinging Strike
2-2: Foul Ball, location: 2F
2-2: Foul Ball, location: 2F
2-2: Ground out 4-3 (Groundball, 4)
Top of the 2nd over - 0 runs, 1 hit, 0 errors, 1 left on base; Kansas City 3 - Seattle 1
BOTTOM OF THE 2ND
Seattle Mariners batting - Pitching for Kansas City Royals : LHP Danny Duffy
Batting: RHB Hanley Ramirez 0-0: Ball
1-0: Foul Ball, location: 2F
1-1: Foul Ball, location: 2F
1-2: Fly out, F3 (Popup, 23F)
Batting: LHB Brandon Nimmo 0-0: Foul Ball, location: 2F
0-1: Ball
1-1: Ground out 4-3 (Groundball, 34D)
Batting: LHB Preston Tucker 0-0: Foul Ball, location: 2F
0-1: Ground out U3 (Groundball, 3L)
Bottom of the 2nd over - 0 runs, 0 hits, 0 errors, 0 left on base; Kansas City 3 - Seattle 1
TOP OF THE 3RD
Kansas City Royals batting - Pitching for Seattle Mariners : RHP Rob Whalen
Batting: LHB Joe Mauer 0-0: SINGLE (Line Drive, 7S)
Batting: LHB Lonnie Chisenhall 0-0: Called Strike
0-1: Fly out, F9 (Flyball, 9D)
Batting: LHB Luis Valbuena 0-0: Foul Ball, location: 2F
0-1: Ball
1-1: Called Strike
1-2: Foul Ball, location: 2F
1-2: Foul Ball, location: 2F
1-2: Foul Ball, location: 2F
1-2: Ball
2-2: Ball
3-2: Foul Ball, location: 2F
3-2: Foul Ball, location: 2F
3-2: Foul Ball, location: 2F
3-2: Grounds out, U3 (Groundball, 3L)
Batting: RHB Dansby Swanson 0-0: Called Strike
0-1: Ball
1-1: SINGLE (Line Drive, 6D)
Joe Mauer to third
Runner from 3rd tries for Home, SAFE, throw by CF to home
Batting: LHB Jesse Winker 0-0: Called Strike
0-1: SINGLE (Groundball, 6D)
Dansby Swanson to second
Runner from 2nd tries for 3rd, SAFE, throw by CF made to third
Now in CF: Matt Kemp
Batting: SHB Jurickson Profar 0-0: Ball
1-0: Ground out 4-3 (Groundball, 4)
Top of the 3rd over - 1 run, 3 hits, 0 errors, 2 left on base; Kansas City 4 - Seattle 1
BOTTOM OF THE 3RD
Seattle Mariners batting - Pitching for Kansas City Royals : LHP Danny Duffy
Batting: RHB Christian Villanueva 0-0: Ball
1-0: Foul Ball, location: 2F
1-1: Ground out 6-3 (Groundball, 6)
Batting: LHB Ben Revere 0-0: Ball
1-0: Ground out 6-3 (Groundball, 6)
Batting: RHB Cameron Maybin 0-0: Fly out, F9 (Line Drive, 9)
Bottom of the 3rd over - 0 runs, 0 hits, 0 errors, 0 left on base; Kansas City 4 - Seattle 1
TOP OF THE 4TH
Kansas City Royals batting - Pitching for Seattle Mariners : RHP Rob Whalen
Batting: RHB Kevin Plawecki 0-0: Called Strike
0-1: Ground out 4-3 (Groundball, 4)
Batting: LHB Raimel Tapia 0-0: Swinging Strike
0-1: SINGLE (Line Drive, 9S)
Batting: RHB Gorkys Hernandez 0-0: Ball
1-0: Called Strike
1-1: Foul Ball, location: 2F
1-2: Reached on error, E6 (Groundball, 6M)
Raimel Tapia to second
Batting: LHB Joe Mauer 0-0: Ball
1-0: Ball
2-0: Ball
3-0: Called Strike
3-1: Foul Ball, location: 2F
3-2: Grounds into double play, 6-4-3 (Groundball, 6)
Top of the 4th over - 0 runs, 1 hit, 1 error, 1 left on base; Kansas City 4 - Seattle 1
BOTTOM OF THE 4TH
Seattle Mariners batting - Pitching for Kansas City Royals : LHP Danny Duffy
Batting: RHB Manny Machado 0-0: Fly out, F8 (Flyball, 8RM)
Batting: RHB Kris Bryant 0-0: Called Strike
0-1: Swinging Strike
0-2: Ball
1-2: Fly out, F9 (Flyball, 9D)
Batting: RHB Yadier Molina 0-0: Called Strike
0-1: Ball
1-1: Called Strike
1-2: Ball
2-2: Foul Ball, location: 2F
2-2: Fly out, F7 (Flyball, 7)
Bottom of the 4th over - 0 runs, 0 hits, 0 errors, 0 left on base; Kansas City 4 - Seattle 1
TOP OF THE 5TH
Kansas City Royals batting - Pitching for Seattle Mariners : RHP Rob Whalen
Batting: LHB Lonnie Chisenhall 0-0: Ball
1-0: Ground out U3 (Groundball, 3L)
Batting: LHB Luis Valbuena 0-0: Ball
1-0: Called Strike
1-1: DOUBLE (Line Drive, 89D)
Pitching: RHP Hector Velazquez
Batting: RHB Dansby Swanson 0-0: Called Strike
0-1: Ball
1-1: Foul Ball, location: 2F
1-2: Ball
2-2: Ball
3-2: Foul Ball, location: 2F
3-2: Foul Ball, location: 2F
3-2: Fly out, F7 (Flyball, 7S)
Batting: LHB Jesse Winker 0-0: Intentional Walk
Batting: SHB Jurickson Profar 0-0: Ball
1-0: Ball
2-0: Ball
3-0: Base on Balls
Luis Valbuena to third
Jesse Winker to second
Batting: RHB Kevin Plawecki 0-0: Ball
1-0: Ball
2-0: Ground out 4-3 (Groundball, 4)
Top of the 5th over - 0 runs, 1 hit, 0 errors, 3 left on base; Kansas City 4 - Seattle 1
BOTTOM OF THE 5TH
Seattle Mariners batting - Pitching for Kansas City Royals : LHP Danny Duffy
Batting: RHB Hanley Ramirez 0-0: Ground out 4-3 (Groundball, 4)
Batting: RHB Matt Kemp 0-0: Ball
1-0: Called Strike
1-1: Ball
2-1: Foul Ball, location: 2F
2-2: Fly out, F7 (Flyball, 7)
Batting: LHB Preston Tucker 0-0: Ball
1-0: Ball
2-0: Ball
3-0: Foul Ball, location: 2F
3-1: Base on Balls
Batting: RHB Christian Villanueva 0-0: Ball
1-0: Swinging Strike
1-1: Foul Ball, location: 2F
1-2: Ball
2-2: Fly out, F9 (Flyball, 9)
Bottom of the 5th over - 0 runs, 0 hits, 0 errors, 1 left on base; Kansas City 4 - Seattle 1
TOP OF THE 6TH
Kansas City Royals batting - Pitching for Seattle Mariners : RHP Hector Velazquez
Batting: LHB Raimel Tapia 0-0: Fly out, F8 (Flyball, 8RM)
Batting: RHB Gorkys Hernandez 0-0: Fly out, F8 (Flyball, 89M)
Batting: LHB Joe Mauer 0-0: Foul Ball, location: 2F
0-1: Fly out, F6 (Line Drive, 6)
Top of the 6th over - 0 runs, 0 hits, 0 errors, 0 left on base; Kansas City 4 - Seattle 1
BOTTOM OF THE 6TH
Seattle Mariners batting - Pitching for Kansas City Royals : LHP Danny Duffy
Batting: LHB Ben Revere 0-0: Ground out 4-3 (Groundball, 34D)
Batting: RHB Cameron Maybin 0-0: Ball
1-0: Ball
2-0: Ground out 6-3 (Groundball, 6)
Batting: RHB Manny Machado 0-0: Ball
1-0: Swinging Strike
1-1: Ball
2-1: Called Strike
2-2: Fly out, F9 (Flyball, 89D)
Bottom of the 6th over - 0 runs, 0 hits, 0 errors, 0 left on base; Kansas City 4 - Seattle 1
TOP OF THE 7TH
Kansas City Royals batting - Pitching for Seattle Mariners : RHP Hector Velazquez
Pitching: RHP Matt Albers
Batting: LHB Lonnie Chisenhall 0-0: Foul Ball, location: 2F
0-1: Foul Ball, location: 2F
0-2: Strikes out swinging
Batting: LHB Luis Valbuena 0-0: Called Strike
0-1: Foul Ball, location: 2F
0-2: Ball
1-2: DOUBLE (Flyball, 8RXD)
Batting: RHB Dansby Swanson 0-0: Ball
1-0: Swinging Strike
1-1: Called Strike
1-2: Foul Ball, location: 2F
1-2: Strikes out swinging
Batting: LHB Jesse Winker 0-0: Intentional Walk
Batting: SHB Jurickson Profar 0-0: Fly out, F9 (Flyball, 9D)
Top of the 7th over - 0 runs, 1 hit, 0 errors, 2 left on base; Kansas City 4 - Seattle 1
BOTTOM OF THE 7TH
Seattle Mariners batting - Pitching for Kansas City Royals : LHP Danny Duffy
Batting: RHB Kris Bryant 0-0: Swinging Strike
0-1: Called Strike
0-2: Ball
1-2: Foul Ball, location: 2F
1-2: Foul Ball, location: 2F
1-2: Ball
2-2: Ball
3-2: Foul Ball, location: 2F
3-2: Foul Ball, location: 2F
3-2: SINGLE (Groundball, 6MS) (infield hit)
Batting: RHB Yadier Molina 0-0: Foul Ball, location: 2F
0-1: Ball
1-1: Foul Ball, location: 2F
1-2: Ball
2-2: Foul Ball, location: 2F
2-2: Foul Ball, location: 2F
2-2: Foul Ball, location: 2F
2-2: Ball
3-2: Strikes out swinging
Batting: RHB Hanley Ramirez 0-0: Ball
1-0: Ball
2-0: Ball
3-0: Base on Balls
Kris Bryant to second
Pitching: RHP Kelvin Herrera
Batting: RHB Matt Kemp 0-0: Called Strike
0-1: Foul Ball, location: 2F
0-2: Ball
1-2: Strikes out swinging
Batting: LHB Preston Tucker 0-0: Called Strike
0-1: Ground out 4-3 (Groundball, 4)
Bottom of the 7th over - 0 runs, 1 hit, 0 errors, 2 left on base; Kansas City 4 - Seattle 1
TOP OF THE 8TH
Kansas City Royals batting - Pitching for Seattle Mariners : RHP Matt Albers
Pitching: RHP Jose Leclerc
Batting: RHB Kevin Plawecki 0-0: Called Strike
0-1: Ball
1-1: Ball
2-1: SINGLE (Line Drive, 8RS)
Batting: LHB Raimel Tapia 0-0: Called Strike
0-1: Swinging Strike
0-2: Ball
1-2: Strikes out looking
Batting: RHB Gorkys Hernandez 0-0: Called Strike
0-1: Ball
1-1: Ball
2-1: Foul Ball, location: 2F
2-2: Foul Ball, location: 2F
2-2: Strikes out swinging
Batting: LHB Joe Mauer 0-0: Ball
1-0: Foul Ball, location: 2F
1-1: Ball
2-1: Ball
3-1: Base on Balls
Kevin Plawecki to second
Batting: LHB Lonnie Chisenhall 0-0: Ball
1-0: Ball
2-0: Called Strike
2-1: Fly out, F9 (Flyball, 89S)
Top of the 8th over - 0 runs, 1 hit, 0 errors, 2 left on base; Kansas City 4 - Seattle 1
BOTTOM OF THE 8TH
Seattle Mariners batting - Pitching for Kansas City Royals : RHP Kelvin Herrera
Batting: RHB Christian Villanueva 0-0: Foul Ball, location: 2F
0-1: Foul Ball, location: 2F
0-2: SINGLE (Groundball, 56S) (infield hit)
Batting: LHB Ben Revere 0-0: Ball
1-0: SINGLE (Line Drive, 8LS)
Christian Villanueva to second
Runner from 2nd tries for 3rd, SAFE, no throw by CF
Batting: RHB Cameron Maybin 0-0: Ball
1-0: Ball
2-0: Swinging Strike
2-1: Foul Ball, location: 2F
2-2: Foul Ball, location: 2F
2-2: Strikes out swinging
Batting: RHB Manny Machado 0-0: Ball
1-0: Swinging Strike
1-1: Called Strike
1-2: Ball
2-2: Foul Ball, location: 2F
2-2: Foul Ball, location: 2F
2-2: Strikes out swinging
Pitching: RHP Arodys Vizcaino
Batting: RHB Kris Bryant 0-0: Ball
1-0: Foul Ball, location: 2F
1-1: Ball
2-1: Ball
3-1: Fly out, F7 (Flyball, 7)
Bottom of the 8th over - 0 runs, 2 hits, 0 errors, 2 left on base; Kansas City 4 - Seattle 1
TOP OF THE 9TH
Kansas City Royals batting - Pitching for Seattle Mariners : RHP Jose Leclerc
Pitching: RHP Heath Hembree
Batting: LHB Luis Valbuena 0-0: Ball
1-0: Called Strike
1-1: SOLO HOME RUN (Flyball, 78XD), Distance : 396 ft
Batting: RHB Dansby Swanson 0-0: Called Strike
0-1: Ball
1-1: Ball
2-1: Ground out 6-3 (Groundball, 6D)
Batting: LHB Jesse Winker 0-0: Ball
1-0: Ball
2-0: Foul Ball, location: 2F
2-1: Foul Ball, location: 2F
2-2: Ball
3-2: Fly out, F8 (Flyball, 8RS)
Batting: SHB Jurickson Profar 0-0: Ball
1-0: Called Strike
1-1: Foul Ball, location: 2F
1-2: Ball
2-2: Ball
3-2: Strikes out swinging
Top of the 9th over - 1 run, 1 hit, 0 errors, 0 left on base; Kansas City 5 - Seattle 1
BOTTOM OF THE 9TH
Seattle Mariners batting - Pitching for Kansas City Royals : RHP Arodys Vizcaino
Batting: RHB Yadier Molina 0-0: Ball
1-0: Called Strike
1-1: SINGLE (Line Drive, 9LM)
Batting: RHB Hanley Ramirez 0-0: Ball
1-0: Fly out, F6 (Popup, 6)
Batting: RHB Matt Kemp 0-0: Ball
1-0: Fly out, F8 (Flyball, 8LXD)
Batting: LHB Preston Tucker 0-0: Ball
1-0: Ball
2-0: 2-RUN HOME RUN (Flyball, 9LD), Distance : 344 ft
Pitching: RHP Carl Edwards Jr.
Batting: RHB Christian Villanueva 0-0: Fly out, F8 (Flyball, 89M)
Bottom of the 9th over - 2 runs, 2 hits, 0 errors, 0 left on base; Kansas City 5 - Seattle 3
Friday, September 7th, 2018 - OOTP Baseball 19.8 Build 79